 Dungeon Crawl Stone Soup version 0.28.0-49-g6dfe1f597d (webtiles) character file.

Game seed: 6265441387703317976

1785 Zeld the Changer (level 9, -3/57 HPs)
             Began as an Octopode Transmuter on May 14, 2022.
             Was an Initiate of Gozag.
             Slain by an orc
             ... wielding a +0 dagger of speed
              (4 damage)
             ... on level 6 of the Dungeon.
             The game lasted 00:06:57 (8859 turns).

Zeld the Changer (Octopode Transmuter)              Turns: 8859, Time: 00:06:57

Health: -3/57      AC:  1    Str: 14    XL:     9   Next: 8%
Magic:  24/27      EV: 14    Int: 15    God:    Gozag
Gold:   456        SH:  0    Dex: 12    Spells: 10/20 levels left

rFire   . . .      SeeInvis .     - Unarmed
rCold   . . .      Faith    .   (no shield)
rNeg    . . .      Spirit   .   (helmet restricted)
rPois   .          Reflect  .   (no amulet)
rElec   .          Harm     .   q - ring of magical power
rCorr   .          Rampage  .   (no ring)
Will    .....                   (no ring)
Stlth   ++........              (no ring)
HPRegen 0.19/turn               (no ring)
MPRegen 0.20/turn               (no ring)
                                (no ring)
                                (no ring)

@: very slightly contaminated
A: almost no armour, amphibious, 8 rings, camouflage 1, gelatinous body 1,
(nimble swimmer 1), tentacles
a: Renounce Religion, Potion Petition, Call Merchant, Bribe Branch


You were on level 6 of the Dungeon.
You worshipped Gozag.
Gozag was aware of your devotion.
You visited 2 branches of the dungeon, and saw 7 of its levels.

You collected 520 gold pieces.
You paid 64 gold pieces to Gozag.

Inventory:

Jewellery
 q - a ring of magical power (left tentacle)
Wands
 n - a wand of flame (12)
 o - a wand of iceblast (10)
 r - a wand of paralysis (7)
Scrolls
 b - 9 scrolls of identify {unknown}
 e - a scroll of acquirement {unknown}
 f - a scroll of noise {unknown}
 g - a scroll of fog {unknown}
 h - 3 scrolls of teleportation {unknown}
 l - a scroll of holy word {unknown}
 p - a scroll of amnesia {unknown}
 u - 2 scrolls of torment {unknown}
 v - a scroll of silence {unknown}
Potions
 a - 2 potions of curing {unknown}
 c - a potion of berserk rage {unknown}
 d - a potion of degeneration {unknown}
 i - 2 potions of might {unknown}
 j - 3 potions of attraction {unknown}
 k - 2 potions of heal wounds {unknown}
 m - a potion of resistance {unknown}
 s - a potion of flight {unknown}
 t - a potion of mutation {unknown}


   Skills:
 * Level 3.2 Fighting
 + Level 4.9 Dodging
 - Level 3.0 Unarmed Combat
 * Level 6.2 Spellcasting
 * Level 6.8 Transmutations
 - Level 2.0 Ice Magic
 - Level 2.0 Poison Magic
 + Level 2.0 Evocations


You had 10 spell levels left.
You knew the following spells:

 Your Spells              Type           Power      Damage    Failure   Level
a - Beastly Appendage     Tmut           50%        N/A       1%          1
b - Wereblood             Tmut           25%        N/A       1%          2
c - Spider Form           Tmut/Pois      17%        N/A       7%          3
d - Ice Form              Ice/Tmut       17%        N/A       24%         4

Your spell library contained the following spells:

 Spells                   Type           Power      Damage    Failure   Level
 Animate Skeleton         Necr           8%         N/A       14%         1
 Apportation              Tloc           8%         N/A       14%         1
 Foxfire                  Conj/Fire      16%        2x1d4     14%         1
 Summon Small Mammal      Summ           16%        N/A       14%         1
 Conjure Flame            Conj/Fire      4%         6-21      41%         3
 Inner Flame              Hex/Fire       4%         N/A       41%         3
 Alistair's Intoxication  Tmut/Pois      11%        N/A       54%         5
 Flame Wave               Conj/Fire      4%         2d5       82%         4


Dungeon Overview and Level Annotations

Branches:
Dungeon (6/15)             Temple (1/1) D:5

Altars:
Ashenzari
Dithmenos
Fedhas
Gozag
Kikubaaqudgha
Makhleb
Nemelex Xobeh
Okawaru
Qazlal
Ru
Sif Muna
Trog
Vehumet
Wu Jian
Xom
Yredelemnul
Zin
The Shining One

Annotations:
D:4 1 runed translucent door, urbino23's ghost, amateur DECj


Innate Abilities, Weirdness & Mutations

You cannot wear most types of armour.
You are amphibious.
You can wear up to eight rings at the same time.
Your skin changes colour to match your surroundings (Stealth+).
Your rubbery body absorbs attacks. (AC +1, EV +1)
((You are camouflaged when in or above water. (Stealth+)))
You have tentacles for arms and can constrict up to eight enemies at once.


Message History

The orc wizard is moderately wounded.
The orc wizard misses you.
The orc hits you from afar with a +0 trident.
* * * LOW HITPOINT WARNING * * *
You hit the orc wizard.
The orc wizard is severely wounded.
The orc wizard casts a spell at you. The magic dart hits you!
* * * LOW HITPOINT WARNING * * *
The orc closely misses you.
You kill the orc wizard!
The orc is distracted by your dazzling golden aura.
The orc is no longer distracted by gold.
Found 3 scrolls labelled LUWOTT FAEWK.
The orc is distracted by your dazzling golden aura.
Your transformation is almost over.
You now have 456 gold pieces (gained 18).
You see here a +0 short sword.
You see here 6 gold pieces.
Your transformation has ended.
The orc priest invokes the aid of Beogh against you.
Pain shoots through your body!
* * * LOW HITPOINT WARNING * * *
The orc closely misses you.
The orc shouts!
Casting: Spider Form (dangerous; 7% risk of failure)
Confirm with . or Enter, or press ? or * to list all spells.
You miscast Spider Form.
You are very lightly contaminated with residual magic.
Nothing appears to happen.
The orc hits you with a +0 dagger of speed.
* * * LOW HITPOINT WARNING * * *
The orc closely misses you.
You tentacle-slap the orc. Your grab misses the orc.
The orc is moderately wounded.
The orc hits you from afar with a +0 trident.
* * * LOW HITPOINT WARNING * * *
The orc hits you with a +0 dagger of speed.
You die...
Your body crumbles into a pile of gold.

..#o# #.#.#####.########..#.####.
..#$# #.#.................#......
.o#.###.#######.########..######.
..#....o.)))....# #..######.
..#####.######### #......... ..#
#.############## ##.######. ..#
#.........oo...# #.######.
.###################.# #........
...o..o....$...o@.oo.# ########.
###################### #. ##


You could see an orc priest and 2 orcs.

Vanquished Creatures
  Grinder (D:3)
  2 ice beasts
  A black bear (D:5)
  A necrophage (D:5)
  4 ogres
  A centaur (D:6)
  Blork the orc (D:5)
  2 scorpions
  2 howler monkeys
  An orc priest (D:6)
  3 hounds
  3 jellies
  3 orc wizards (D:6)
  4 iguanas
  9 adders
  A white imp (D:6)
  An ufetubus (D:6)
  2 worms
  2 dart slugs
  5 orcs
  12 ball pythons
  4 endoplasms
  A giant cockroach (D:2)
  7 hobgoblins
  6 jackals (D:2)
  4 kobolds
  A quokka (D:1)
  7 bats
  3 frilled lizards
  9 goblins
  5 rats
108 creatures vanquished.

Vanquished Creatures (others)
  2 withered plants (D:4)
2 creatures vanquished.

Grand Total: 110 creatures vanquished

Notes
Turn   | Place    | Note
-------+----------+-------------------------------------------
     0 | D:1      | Zeld the Octopode Transmuter began the quest for the Orb.
     0 | D:1      | Reached XP level 1. HP: 13/13 MP: 3/3
   437 | D:1      | Reached XP level 2. HP: 13/18 MP: 3/5
  1328 | D:2      | Reached XP level 3. HP: 23/23 MP: 6/6
  1331 | D:2      | Learned a level 2 spell: Wereblood
  1393 | D:2      | Reached skill level 1 in Poison Magic
  1674 | D:2      | Found a faded altar of an unknown god.
  2046 | D:2      | Reached skill level 1 in Ice Magic
  2432 | D:2      | Learned a level 3 spell: Spider Form
  2587 | D:3      | Reached XP level 4. HP: 28/28 MP: 7/7
  2993 | D:3      | Noticed Grinder
  4092 | D:4      | Reached XP level 5. HP: 33/33 MP: 7/9
  4466 | D:4      | Noticed an ogre
  4471 | D:4      | Noticed an ogre
  4483 | D:4      | Killed an ogre
  4484 | D:4      | Reached XP level 6. HP: 36/38 MP: 7/11
  4499 | D:4      | Learned a level 4 spell: Ice Form
  4682 | D:4      | You fall into a shaft and drop 1 floor!
  4682 | D:5      | Entered Level 5 of the Dungeon
  4888 | D:5      | Noticed an ice beast
  4910 | D:5      | Noticed Blork the orc
  4927 | D:5      | Killed Blork the orc
  4928 | D:5      | Reached XP level 7. HP: 33/43 MP: 9/13
  5045 | D:5      | Found a staircase to the Ecumenical Temple.
  5056 | Temple   | Entered the Ecumenical Temple
  5126 | Temple   | Became a worshipper of Gozag Ym Sagoz the Greedy
  5454 | D:4      | Found a shimmering blue altar of Sif Muna.
  5470 | D:4      | Reached skill level 5 in Transmutations
  5626 | D:3      | Paralysed by Grinder for 7 turns
  5635 | D:3      | Killed Grinder
  5636 | D:3      | Reached skill level 5 in Spellcasting
  5981 | D:4      | Found a runed translucent door.
  5988 | D:4      | Noticed urbino23's ghost (amateur DECj)
  6030 | D:4      | Reached XP level 8. HP: 48/48 MP: 15/15
  7635 | D:6      | Reached skill level 1 in Evocations
  7699 | D:6      | HP: 2/50 [acid (8)]
  8437 | D:6      | Found an ancient bone altar of Kikubaaqudgha.
  8706 | D:6      | Reached XP level 9. HP: 55/55 MP: 18/18
  8809 | D:6      | HP: 1/56 [orc wizard/magic dart (8)]
  8840 | D:6      | HP: 1/57 [orc priest/nerve-wracking pain (6)]
  8859 | D:6      | HP: 1/57 [orc/+0 trident (3)]
  8859 | D:6      | Slain by an orc

Illustrated notes

Levels and vault maps discovered:
D:1:      moated_graveyard_arrival, layout_basic, patterned_corridor
D:2:      layout_loops_ring, shapermc_ecumenical_altar_venn
D:3:      layout_loops_cross, uniq_grinder
D:4:      layout_rooms, nicolae_sif_muna_condensation, gammafunk_ghost_grave,
          minmay_snake_closets
D:5:      layout_layer_cave, minmay_temple_entry_offerings, uniq_blork_the_orc
D:6:      layout_basic, nicolae_kikubaaqudgha_miasma_corner, minmay_small_thing
Temple:   eino_temple_rhombus

Skill      XL: |  1  2  3  4  5  6  7  8  9 |
---------------+----------------------------+-----
Poison Magic   | 1 2 |  2.0
Ice Magic      | 1 2 |  2.0
Transmutations | 3 4 5 6 |  6.8
Spellcasting   | 3 4 5 6 |  6.2
Dodging        | 3 4 |  4.9
Evocations     | 1 2 |  2.0
Fighting       | 2 3 |  3.2
Unarmed Combat | |  3.0

Action                   |  1- 3 |  4- 6 |  7- 9 || total
-------------------------+-------+-------+-------++-------
Melee: Unarmed           |    76 |    83 |   162 ||   321
       Tentacles         |    21 |    14 |     4 ||    39
       Constrict         |    21 |    20 |     3 ||    44
       Kick              |    19 |    20 |     6 ||    45
       Punch             |     6 |       |       ||     6
 Cast: Beastly Appendage |    28 |    24 |     3 ||    55
       Spider Form       |       |     2 |     7 ||     9
       Ice Form          |       |     1 |    12 ||    13
 Stab: Sleeping          |     3 |     7 |       ||    10
       Distracted        |       |       |     1 ||     1
Armor: Skin              |     6 |     7 |    46 ||    59
Dodge: Dodged            |    43 |    50 |    85 ||   178
